 Dungeon Crawl Stone Soup version 0.18-a0-1123-gbd92598 (webtiles) character file.

20 M4edhros the Charlatan (level 2, 0/18 HPs)
             Began as an Octopode Artificer on Jan 19, 2016.
             Slain by a jackal (2 damage)
             ... on level 2 of the Dungeon.
             The game lasted 00:01:01 (1101 turns).

M4edhros the Charlatan (Octopode Artificer)         Turns: 1101, Time: 00:01:01

Health: 0/18       AC:  1    Str: 10    XL:     2   Next: 79%
Magic:  4/4        EV: 12    Int: 14    God:
Gold:   52         SH:  0    Dex: 12    Spells: 0 memorised, 1 level left

rFire  . . .     SeeInvis .     a - +0 short sword
rCold  . . .     Gourm    .     (no shield)
rNeg   . . .     Faith    .     (helmet restricted)
rPois  .         Spirit   .     (no amulet)
rElec  .         Dismiss  .     (no ring)
rCorr  .         Reflect  .     (no ring)
SustAt .         Harm     .     (no ring)
MR     .....                    (no ring)
Stlth  +++.......               (no ring)
                                (no ring)
                                (no ring)
                                (no ring)

@: not resistant to hostile enchantments, fairly stealthy
A: almost no armour, amphibious, 8 rings, constrict 8, camouflage 1, gelatinous
body 1
a: no special abilities


You were on level 2 of the Dungeon.
You were hungry.

You visited 1 branch of the dungeon, and saw 2 of its levels.

You collected 52 gold pieces.

Inventory:

Hand Weapons
 a - a +0 short sword (weapon)
Missiles
 i - 26 stones (quivered)
 q - 16 sling bullets
Wands
 b - a wand of flame (14/48)
 c - a wand of enslavement (15/24)
 d - a wand of random effects (15/48)
Scrolls
 e - a scroll of remove curse
 n - a scroll of identify {unknown}
Potions
 h - a potion of agility {unknown}
 k - 4 potions of brilliance {unknown}
 l - a potion of magic {unknown}
Comestibles
 f - 2 bread rations
 g - a meat ration
 r - a beef jerky


   Skills:
 - Level 1.0 Fighting
 - Level 1.0 Short Blades
 * Level 2.5 Dodging
 * Level 2.5 Stealth
 + Level 3.5 Evocations


You had one spell level left.
You didn't know any spells.

Dungeon Overview and Level Annotations

Branches:
Dungeon (2/15)

Altars:
Cheibriados


Innate Abilities, Weirdness & Mutations

You cannot wear most types of armour.
You are amphibious.
You can wear up to eight rings at the same time.
You can use your tentacles to constrict eight enemies at once.
Your skin changes colour to match your surroundings (Stealth).
Your rubbery body absorbs attacks (AC +1).


Message History

The jackal barely misses you. The jackal closely misses you.
The jackal bites you.
You closely miss the jackal. Your grab misses the jackal.
Your squeeze misses the jackal. The jackal bites you. x2
The jackal barely misses you.
You closely miss the jackal. Your grab misses the jackal. The jackal bites you.
The jackal barely misses you. x2
You hit the jackal.
You kill the jackal!
The jackal bites you.
* * * LOW HITPOINT WARNING * * *
The jackal bites you.
* * * LOW HITPOINT WARNING * * *
The jackal bites you.
* * * LOW HITPOINT WARNING * * *
The jackal closely misses you. The jackal completely misses you.
The jackal bites you but does no damage.
You see here a jackal corpse.
The jackal bites you.
You die...

,,,**,,,,,,,.,,,*#...##...#**,,*,
,,,,,,,,,,.....,*#...>...#,,,,,*,
**,****,,,,.#..###......#*,...,,,
*,,,,,,,,,,......>...####..[,..,
*,,,,,,,,,,...................#*
*,,,,,,,,,,..........###..,...**
###############..##...# #.##.#,,,
.......[......#.###K..###.#..####
...#...#...#..#.@h#.#.#.....>....
............._#..h†h...........(.
...#...#...#..#..................
..............####...............
############### #...............
#....#.## #.#####...#...........
..####..####.............<.......
............=.####...#...........
#######..##.### ######...)......


You could see 3 jackals.

Vanquished Creatures
  A giant cockroach (D:1)
  3 goblins (D:1)
  4 hobgoblins
  A jackal (D:2)
  2 giant newts (D:1)
  4 kobolds
  4 rats
19 creatures vanquished.

Notes
Turn   | Place    | Note
--------------------------------------------------------------
     0 | D:1      | M4edhros the Octopode Artificer began the quest for the Orb.
     0 | D:1      | Reached XP level 1. HP: 13/13 MP: 3/3
   631 | D:1      | Reached XP level 2. HP: 15/18 MP: 4/4
  1031 | D:2      | Found a snail-covered altar of Cheibriados.
  1101 | D:2      | Slain by a jackal

Vault maps used:
D:1:      dpeg_arrival_rhombus
D:2:      lemuel_coloured_pillars_altar, first_bread, grunt_pakellas_salt,
          uniq_iyjb

Action                   || total
-------------------------++-------
Melee: Short sword       ||    52
Evoke: Wand              ||     1
  Use: Scroll            ||     3
 Stab: Sleeping          ||     1
